 Dungeon Crawl Stone Soup version 0.29-a0-330-g52719c12eb (webtiles) character file.

Game seed: 7682948943846531125

2965 esteth the Martial Artist (level 7, 0/48 HPs)
             Began as an Octopode Transmuter on May 24, 2022.
             Was a Believer of Ru.
             Slain by a steam dragon (7 damage)
             ... on level 8 of the Dungeon.
             The game lasted 00:30:15 (12704 turns).

esteth the Martial Artist (Octopode Transmuter)    Turns: 12704, Time: 00:30:16

Health: 0/48       AC:  2    Str:  9    XL:     7   Next: 82%
Magic:  10/12      EV: 21    Int: 20    God:    Ru [**....]
Gold:   455        SH:  0    Dex: 17    Spells: 7/12 levels left

rFire   . . .      SeeInvis .     - Unarmed
rCold   . . .      Faith    .   (shield currently unavailable)
rNeg    . . .      Spirit   .   (helmet currently unavailable)
rPois   x          Reflect  .   (no amulet)
rElec   .          Harm     .   (no ring)
rCorr   .          Rampage  .   (no ring)
Will    .....                   (no ring)
Stlth   ++........              (no ring)
HPRegen 0.16/turn               (no ring)
MPRegen 0.13/turn               (no ring)
                                (no ring)
                                (no ring)

@: spider-form
A: venomous fangs, almost no armour, (amphibious), 8 rings, tiny, (camouflage
1), (gelatinous body 1), inexperienced 1, (nimble swimmer 1), (tentacles)
a: End Transformation, Renounce Religion


You were on level 8 of the Dungeon.
You worshipped Ru.
Ru was pleased with you.
You were a venomous arachnid creature.
You visited 2 branches of the dungeon, and saw 9 of its levels.

You collected 455 gold pieces.


Innate Abilities, Weirdness & Mutations

You are a venomous arachnid creature.
You have poisonous fangs.
You are tiny and dextrous.
Your spellcasting is less reliable in this form.
Your armour is entirely melded.
You are incapable of wielding weapons or throwing items.
You cannot wear most types of armour.
((You are amphibious.))
You can wear up to eight rings at the same time.
((Your skin changes colour to match your surroundings (Stealth+).))
((Your rubbery body absorbs attacks. (AC +1, EV +1)))
You are somewhat inexperienced. (-2 XL)
((You are camouflaged when in or above water. (Stealth+)))
((You have tentacles for arms and can constrict up to eight enemies at once.))


   Skills:
 - Level 4.0 Fighting
 - Level 4.0 Dodging
 + Level 9.4 Unarmed Combat
 - Level 3.3 Spellcasting
 + Level 7.5 Transmutations
 - Level 3.0 Poison Magic


You had 7 spell levels left.
You knew the following spells:

 Your Spells              Type           Power      Damage    Failure   Level
b - Beastly Appendage     Tmut           66%        N/A       4%          1
m - Magic Dart            Conj           12%        1d3       32%         1
s - Spider Form           Tmut/Pois      24%        N/A       14%         3

Your spell library contained the following spells:

 Spells                   Type           Power      Damage    Failure   Level
 Wereblood                Tmut           33%        N/A       4%          2
 Freeze                   Ice            12%        1d4       32%         1
 Shock                    Conj/Air       12%        1d3       32%         1
 Call Imp                 Summ           3%         N/A       41%         2
 Mephitic Cloud           Conj/Pois/Air  7%         N/A       47%         3
 Ice Form                 Ice/Tmut       18%        N/A       50%         4
 Frozen Ramparts          Ice            6%         1d2       61%         3
 Stone Arrow              Conj/Erth      6%         3d7       61%         3
 Swiftness                Air            3%         N/A       61%         3
 Airstrike                Air            1%         N/A       92%         4
 Hailstorm                Conj/Ice       3%         3d3       92%         4
 Lehudib's Crystal Spear  Conj/Erth      1%         10d2      100%        8
 Animate Armour           Summ/Erth      Unusable   N/A       N/A         4

Inventory:

Hand Weapons
 a - the +2 dagger of the Sandy God {vorpal, rCorr}
   (You found it on level 5 of the Dungeon)

   It inflicts extra damage upon your enemies.
   rCorr:     It protects you from acid and corrosion.
Missiles
 f - 154 stones
 m - 5 boomerangs
Magical Staves
 b - a staff of death {!a}
   (You found it on level 1 of the Dungeon)
 t - a staff of earth {!a}
   (You took it off a goblin on level 3 of the Dungeon)
 u - a staff of death {!a}
   (You found it on level 3 of the Dungeon)
Jewellery
 C - a ring of ice
   (You found it on level 7 of the Dungeon)
Wands
 k - a wand of iceblast (16)
   (You found it on level 6 of the Dungeon)
 r - a wand of charming (6)
   (You found it on level 7 of the Dungeon)
 x - a wand of flame (23)
   (You found it on level 8 of the Dungeon)
Scrolls
 c - a scroll of teleportation {@r4}
 d - a scroll of brand weapon {unknown}
 e - 2 scrolls of enchant weapon
 g - 2 scrolls of magic mapping {unknown}
 i - 2 scrolls of immolation {!r!r}
 n - a scroll of noise {unknown}
 o - 4 scrolls of identify {unknown}
 q - 2 scrolls of fog {unknown}
 s - a scroll of holy word {unknown}
 w - a scroll of enchant armour {unknown}
Potions
 j - a potion of magic
 l - a potion of cancellation {unknown}

Dungeon Overview and Level Annotations

Branches:
Dungeon (8/15)             Temple (1/1) D:6            Lair (0/6) D:8

Altars:
Ashenzari
Cheibriados
Dithmenos
Elyvilon
Fedhas
Gozag
Hepliaklqana
Kikubaaqudgha
Makhleb
Nemelex Xobeh
Qazlal
Ru
Sif Muna
Trog
Uskayaw
Vehumet
Wu Jian
Xom
Yredelemnul
Zin
The Shining One

Shops:
D:2 :   D:4 [

Annotations:
D:3 Sigmund
D:8 exclusion: two-headed ogre

#.......D...........
#.#######...........
#.# #........... #.#
#........... #.#
#........... ##.###
#........... #.)ยง.#
#.........## #....#
#........... #..ยงs#
#.........## #...D#
#.........#. #.....
..#####K##. ......##
.......DK.. #####.##
........#.. #.#
........#.. ..#
........#.K ##
........# .
........#


You could see a steam dragon (extremely poisoned, catching breath).


Message History

You take 2 damage, and now have 6/48 hp.
Okay, then.
As you read the scroll labelled FOMNOO OLAKK, it crumbles to dust.
It is a scroll of enchant weapon.
You aren't carrying any weapons that can be enchanted.
* * * LOW HITPOINT WARNING * * *
You feel sick. ๐Ÿ˜ฑ HP[-2]
You take 2 damage, and now have 4/48 hp.
It was a potion of might.
You feel very mighty all of a sudden.
* * * LOW HITPOINT WARNING * * *
You feel sick. ๐Ÿ˜ฑ HP[-1]
You take 1 damage, and now have 3/48 hp.
Okay, then.
You can't wear anything in your present form.
You can't wield anything in your present form.
Your transformation has ended.
* * * LOW HITPOINT WARNING * * *
You feel sick. ๐Ÿ˜ฑ HP[-1]
You take 1 damage, and now have 2/48 hp.
It was a potion of ambrosia.
You are confused.
You feel invigorated.
* * * LOW HITPOINT WARNING * * *
You feel sick. ๐Ÿ˜ฑ HP[+3] MP[+2]
You regained 3 hp, and now have 5/48 hp.
Your mp is fully restored (12).
You feel sick. ๐Ÿ˜ฑ HP[+2]
You regained 2 hp, and now have 7/48 hp.
You feel sick. ๐Ÿ˜ฑ HP[+2]
You regained 2 hp, and now have 9/48 hp.
You feel sick. ๐Ÿ˜จ HP[+4]
You regained 4 hp, and now have 13/48 hp.
You feel less invigorated.
You feel less confused.
You feel sick.
You are no longer poisoned. ๐Ÿ˜จ HP[+2]
You regained 2 hp, and now have 15/48 hp.
You start resting.
A steam dragon is nearby! ๐Ÿ˜จ HP[+6]
You regained 6 hp, and now have 21/48 hp. ๐Ÿ˜จ HP[+1] ๐Ÿ˜จ HP[+1]
You start resting.
You feel a little less mighty now.
A steam dragon is nearby! ๐Ÿ˜ฎ HP[+10]
You regained 10 hp, and now have 33/48 hp. ๐Ÿ˜ฎ HP[+1]
You see here a +0 club.
You start resting.
A steam dragon is nearby! ๐Ÿ˜• HP[+11]
You regained 11 hp, and now have 45/48 hp.
Casting: Spider Form (dangerous; 4% risk of failure)
Confirm with . or Enter, or press ? or * to list all spells.
You turn into a venomous arachnid creature.
The steam dragon hisses angrily. ๐Ÿ˜• HP[+1] MP[-3]
You lost 3 mp, and now have 9/12 mp.
You hit the steam dragon but do no damage.
The steam dragon bites you.
The steam dragon closely misses you. ๐Ÿ˜• HP[-3]
You take 3 damage, and now have 43/48 hp.
You hit the steam dragon but do no damage.
The steam dragon bites you!
The steam dragon misses you. ๐Ÿ˜ฎ HP[-9]
You take 9 damage, and now have 34/48 hp.
You hit the steam dragon.
The steam dragon is poisoned.
The steam dragon is stunned by your conviction and fails to attack. ๐Ÿ˜ฎ MP[+1]
You hit the steam dragon. The steam dragon breathes steam at you.
The ball of steam misses you.
You hit the steam dragon.
You are engulfed in a cloud of scalding steam.
The steam dragon breathes steam at you. The ball of steam hits you!!
* * * LOW HITPOINT WARNING * * *
๐Ÿ˜ฑ HP[-28]
You take 28 damage, and now have 6/48 hp.
MASSIVE DAMAGE!! (PAUSE)
You barely miss the steam dragon.
You hit the steam dragon but do no damage.
The steam dragon closely misses you. x2
You hit the steam dragon.
The steam dragon looks as sick as possible!
The steam dragon completely misses you.
The steam dragon closely misses you. ๐Ÿ˜ฑ HP[+1]
You bite the steam dragon! The steam dragon bites you!
You die...

Skill      XL: |  1  2  3  4  5  6  7  8  9 |
---------------+----------------------------+-----
Poison Magic   | 1 2 3 |  3.0
Transmutations | 3 4 7 5 6 |  7.5
Unarmed Combat | 5 9 8 |  9.4
Spellcasting   | 3 |  3.3
Fighting       | 4 |  4.0
Dodging        | 4 |  4.0

Action                   |  1- 3 |  4- 6 |  7- 9 || total
-------------------------+-------+-------+-------++-------
Melee: Staff             |    59 |    37 |       ||    96
       Tentacles         |    17 |    17 |     7 ||    41
       Constrict         |    16 |    19 |     5 ||    40
       Punch             |     1 |     4 |     1 ||     6
       Unarmed           |       |    94 |   291 ||   385
 Cast: Magic Dart        |    68 |   138 |     6 ||   212
       Spider Form       |       |     5 |    36 ||    41
Invok: Sacrifice Experie |       |       |     1 ||     1
 Abil: End Transformatio |       |       |     1 ||     1
  Use: Scroll            |       |     3 |     4 ||     7
       Potion            |       |       |    17 ||    17
 Stab: Sleeping          |     2 |     1 |     1 ||     4
       Distracted        |       |     1 |       ||     1
Armor: Skin              |    12 |     8 |    22 ||    42
Dodge: Dodged            |    64 |    96 |   319 ||   479

Levels and vault maps discovered:
D:1:      psy_arrival_terrarium, layout_basic
D:2:      layout_basic, serial_shops, nicolae_shop_trees, minmay_pentomino_x2,
          uniq_jessica
D:3:      kennysheep_goblin_castle, layout_basic,
          chequers_ecumenical_altar_simple_redux, uniq_grinder, uniq_sigmund
D:4:      layout_loops_cross, serial_shops, shop, chequers_serial_rivers_large_a
D:5:      layout_loops_ring, gup_sewer_entry_bowl, st_stairs_1,
          hangedman_decor_diamond_cutter
D:6:      layout_loops_ring, minmay_temple_entry_mini_moons,
          pf_guarded_unrand_meek, uniq_menkaure, uniq_edmund
D:7:      layout_basic
D:8:      layout_basic, due_lair_maze_entry_diamond
Temple:   mainiacjoe_temple_circle_huts

Notes
Turn   | Place    | Note
-------+----------+-------------------------------------------
     0 | D:1      | esteth the Octopode Transmuter began the quest for the Orb.
     0 | D:1      | Reached XP level 1. HP: 13/13 MP: 3/3
     0 | D:1      | magus.rc [v1.11.3]
   140 | D:1      | Reached skill level 1 in Poison Magic
   307 | D:1      | Reached XP level 2. HP: 17/18 MP: 5/5
   576 | D:1      | You pick up a book of Minor Magic and begin reading...
   576 | D:1      | You add the spells Magic Dart, Call Imp and Mephitic Cloud
                  | to your library.
   579 | D:1      | Learned a level 1 spell: Magic Dart
  1287 | D:1      | Reached skill level 2 in Poison Magic
  1448 | D:1      | Reached XP level 3. HP: 19/23 MP: 1/6
  1452 | D:1      | Learned a level 3 spell: Spider Form
  2074 | D:2      | Found Quhokag's Book Emporium.
  2277 | D:2      | Reached skill level 3 in Transmutations
  2519 | D:3      | Noticed Grinder
  2519 | D:3      | Noticed Sigmund
  2529 | D:4      | Found Eprul's Armour Shop.
  2952 | D:4      | Reached skill level 3 in Poison Magic
  3016 | D:4      | Reached XP level 4. HP: 28/28 MP: 1/7
  3282 | D:4      | HP: 4/28 [Grinder (10)]
  3283 | D:4      | Paralysed by Grinder for 2 turns
  3403 | D:4      | Paralysed by Grinder for 4 turns
  3597 | D:4      | Paralysed by Grinder for 3 turns
  4692 | D:4      | Noticed an ogre
  4997 | D:4      | Killed an ogre
  4998 | D:4      | Reached skill level 4 in Transmutations
  4998 | D:4      | Reached XP level 5. HP: 33/33 MP: 0/8
  5712 | D:3      | Reached XP level 6. HP: 27/38 MP: 9/9
  5818 | D:3      | Noticed Robin
  5860 | D:3      | Killed Robin
  6533 | D:3      | You pick up a book of Air and begin reading...
  6533 | D:3      | You add the spells Shock, Swiftness and Airstrike to your
                  | library.
  6557 | D:3      | Found a faded altar of an unknown god.
  6632 | D:4      | HP: 9/38 [Grinder/nerve-wracking pain (8)]
  6634 | D:4      | Killed Grinder
  6635 | D:4      | Reached skill level 5 in Unarmed Combat
  6635 | D:4      | Reached skill level 3 in Spellcasting
  6635 | D:4      | Reached XP level 7. HP: 10/43 MP: 8/11
  7052 | D:5      | Entered Level 5 of the Dungeon
  7061 | D:5      | Reached skill level 6 in Unarmed Combat
  7331 | D:5      | HP: 3/43 [orc priest/+0 flail (9)]
  7894 | D:5      | Reached skill level 7 in Unarmed Combat
  7894 | D:5      | Reached XP level 8. HP: 25/48 MP: 12/12
  8052 | D:5      | You pick up a book of Armaments and begin reading...
  8052 | D:5      | You add the spells Stone Arrow and Lehudib's Crystal Spear
                  | to your library.
  8069 | D:5      | Identified the +2 dagger of the Sandy God {vorpal, rCorr}
  8176 | D:5      | Reached skill level 2 in Fighting
  8302 | D:5      | HP: 11/50 [poisoned by an orc priest]
  8895 | D:5      | Reached skill level 3 in Dodging
  9077 | D:5      | You pick up a book of Frost and begin reading...
  9077 | D:5      | You add the spells Freeze, Frozen Ramparts and Hailstorm to
                  | your library.
  9196 | D:6      | Noticed Edmund
  9230 | D:5      | HP: 11/51 [black bear (6)]
  9230 | D:5      | Killed Edmund
  9231 | D:5      | Reached skill level 3 in Fighting
  9751 | D:6      | Found a staircase to the Ecumenical Temple.
  9770 | D:6      | Reached skill level 4 in Dodging
  9818 | Temple   | Entered the Ecumenical Temple
 10116 | Temple   | Became a worshipper of Ru the Awakened
 10340 | D:6      | Noticed Menkaure
 10348 | D:6      | HP: 9/54 [??? (7)]
 10355 | D:6      | Killed Menkaure
 10356 | D:6      | Reached skill level 4 in Fighting
 10496 | D:6      | Reached skill level 5 in Transmutations
 10974 | D:6      | Reached XP level 9. HP: 38/58 MP: 12/14
 11319 | D:7      | Reached skill level 8 in Unarmed Combat
 11579 | D:7      | Reached skill level 6 in Transmutations
 11685 | D:7      | You pick up a book of Air and begin reading...
 12006 | D:8      | Noticed a two-headed ogre
 12129 | D:8      | Found a staircase to the Lair.
 12141 | D:8      | Gained mutation: You are somewhat inexperienced. (-2 XL)
                  | [Ru sacrifice]
 12141 | D:8      | Reached XP level 8. HP: 20/54 MP: 12/13
 12141 | D:8      | Reached XP level 7. HP: 20/48 MP: 12/12
 12141 | D:8      | Reached * piety under Ru
 12141 | D:8      | Reached ** piety under Ru
 12147 | D:8      | HP: 12/48 [bullfrog (3)]
 12150 | D:8      | HP: 5/48 [bullfrog (7)]
 12163 | D:8      | HP: 9/48 [poisoned by a water moccasin]
 12173 | D:8      | Reached skill level 9 in Unarmed Combat
 12173 | D:8      | Reached skill level 7 in Transmutations
 12373 | D:8      | HP: 12/48 [steam dragon/ball of steam (19)]
 12382 | D:8      | HP: 10/48 [steam dragon] (8)]
 12496 | D:8      | HP: 11/48 [poisoned by a water moccasin]
 12498 | D:8      | HP: 4/48 [poisoned by a water moccasin]
 12503 | D:8      | HP: 9/48 [poisoned by a water moccasin]
 12700 | D:8      | HP: 6/48 [steam dragon/ball of steam (21)]
 12704 | D:8      | Slain by a steam dragon

Vanquished Creatures
  Grinder (D:4)
  A wyvern (D:7)
  Menkaure (D:6)
  Edmund (D:5)
  5 water moccasins (D:8)
  2 ice beasts
  A sky beast (D:7)
  A black bear (D:8)
  3 ogres
  A centaur (D:5)
  A phantom (D:6)
  A kobold brigand (D:8)
  A necrophage (D:4)
  2 bullfrogs (D:8)
  2 howler monkeys (D:7)
  A gnoll shaman (D:6)
  4 hounds
  4 orc priests
  2 jellies
  An orc wizard (D:4)
  3 iguanas
  Robin (D:3)
  7 adders
  5 gnolls (D:6)
  A shadow imp (D:5)
  4 white imps
  An ufetubus (D:5)
  A worm (D:2)
  2 dart slugs
  16 orcs
  7 ball pythons
  6 bats
  6 endoplasms
  2 giant cockroaches
  16 goblins
  11 hobgoblins
  6 jackals
  4 quokkas
  A frilled lizard (D:2)
  6 kobolds
  4 rats
146 creatures vanquished.

Vanquished Creatures (others)
  A black bear (D:8)
  30 fungi (D:8)
  53 plants
84 creatures vanquished.

Grand Total: 230 creatures vanquished

Table legend:
 A = Non-vault XP
 B = Vault XP
 C = Vault XP percentage of total XP
 D = Non-vault monster count
 E = Vault monster count
 F = Vault count percentage of total count
                 A         B        C        D         E       F
            +---------+---------+-------+---------+---------+-------
      Total |    2508 |    1729 |  40.8 |     104 |      43 |  29.3
            +---------+---------+-------+---------+---------+-------
        D:1 |      36 |       4 |  10.0 |      20 |       2 |   9.1
        D:2 |      16 |       0 |   0.0 |       8 |       0 |   0.0
        D:3 |      57 |      54 |  48.6 |      13 |      21 |  61.8
        D:4 |     325 |     277 |  46.0 |      18 |       1 |   5.3
        D:5 |     775 |     215 |  21.7 |      17 |       5 |  22.7
        D:6 |     341 |     266 |  43.8 |      16 |       7 |  30.4
        D:7 |     617 |       0 |   0.0 |       8 |       0 |   0.0
        D:8 |     341 |     913 |  72.8 |       4 |       7 |  63.6
            +---------+---------+-------+---------+---------+-------

Illustrated notes

Table legend:
 A = Kills in this place as a percentage of kills in entire the game.
 B = Kills by you in this place as a percentage of kills by you in the entire game.
 C = Kills by friends in this place as a percentage of kills by friends in the entire game.
 D = Other kills in this place as a percentage of other kills in the entire game.
 E = Experience gained in this place as a percentage of experience gained in the entire game.
 F = Experience gained in this place divided by the number of levels of this place that you have seen.
                   A       B       C       D       E      F
               +-------+-------+-------+-------+-------+----------------------
         Total | 100.0 | 100.0 |   N/A | 100.0 | 100.0 | 470.8
       Dungeon | 100.0 | 100.0 |   N/A | 100.0 | 100.0 | 529.6
               +-------+-------+-------+-------+-------+----------------------

Table legend: (Time is in decaauts)
 A = Elapsed time spent in this place.
 B = Non-inter-level travel time spent in this place.
 C = Inter-level travel time spent in this place.
 D = Time resting spent in this place.
 E = Time spent auto-exploring this place.
 F = Levels seen in this place.
 G = Mean time per level.
                   A        B        C        D        E       F      G
               +--------+--------+--------+--------+--------+-----+--------+
         Total |  12658 |  12511 |    147 |   4774 |   5822 |   9 | 1406.4 |
       Dungeon |  12282 |  12152 |    130 |   4774 |   5489 |   8 | 1535.2 |
        Temple |    376 |    360 |     16 |      0 |    333 |   1 |  376.0 |
               +--------+--------+--------+--------+--------+-----+--------+

Top non-repeatable levels by time:
     D:4: 3443 daAuts
     D:5: 2454 daAuts
     D:1: 1744 daAuts
     D:3: 1089 daAuts
     D:6: 1088 daAuts
     D:7: 977 daAuts
     D:2: 789 daAuts
     D:8: 695 daAuts
  Temple: 376 daAuts
